 Dungeon Crawl Stone Soup version 0.28-a0-1234-g826d19b (webtiles) character file.

Game seed: 12936099997648712417

280 Ayyar the Skirmisher (level 6, -2/49 HPs)
             Began as a Formicid Abyssal Knight on Dec 23, 2021.
             Was a Believer of Lugonu.
             Slain by a hornet zombie (6 damage)
             ... on level 5 of the Dungeon.
             The game lasted 00:16:58 (5050 turns).

Ayyar the Skirmisher (Formicid Abyssal Knight)      Turns: 5050, Time: 00:16:59

Health: -2/49      AC:  5    Str: 18 (20) XL:     6   Next: 52%
Magic:  8/8        EV: 11    Int:  7 (9)  God:    Lugonu [**....]
Gold:   274        SH:  5    Dex:  8 (11) Spells: 5/5 levels left

rFire   . . .      SeeInvis +   a - +1 spear
rCold   + . .      Faith    .   (no shield)
rNeg    . . .      Spirit   .   f - +0 ring mail
rPois   .          Reflect  +   (helmet unavailable)
rElec   .          Harm     .   (no cloak)
rCorr   +          Rampage  .   (no gloves)
Will    .....                   (no boots)
Stlth   ..........              t - amulet of reflection
HPRegen 0.16/turn               p - ring of protection from cold
MPRegen 0.11/turn               s - ring of resist corrosion

@: no status effects
A: permanent stasis, dig shafts and tunnels, antennae 3, four strong arms
a: Dig, Shaft Self, Renounce Religion, Depart the Abyss, Bend Space


You were on level 5 of the Dungeon.
You worshipped Lugonu.
Lugonu was pleased with you.
You visited 1 branch of the dungeon, and saw 5 of its levels.
You visited the Abyss 1 time.

You collected 274 gold pieces.

Inventory:

Hand Weapons
 a - a +1 spear (weapon)
Missiles
 l - 17 poisoned darts (quivered)
 n - 3 boomerangs
 q - a throwing net
Armour
 f - a +0 ring mail (worn)
Jewellery
 p - a ring of protection from cold (left hand)
 s - a ring of resist corrosion (right hand)
 t - an amulet of reflection (around neck)
Wands
 d - a wand of polymorph (5)
Scrolls
 c - a scroll of summoning {unknown}
 e - 2 scrolls of identify
 h - 2 scrolls of enchant weapon {unknown}
 k - 2 scrolls of magic mapping {unknown}
 m - a scroll of acquirement {unknown}
 u - a scroll of enchant armour {unknown}
Potions
 b - 2 potions of cancellation
 g - a potion of flight
 i - 2 potions of mutation
 r - a potion of curing
 v - a potion of brilliance {unknown}
 w - a potion of lignification {unknown}


   Skills:
 + Level 4.4 Fighting
 * Level 3.6 Polearms
 + Level 3.5 Armour
 + Level 2.3 Dodging
 + Level 3.7 Invocations


You had 5 spell levels left.
You didn't know any spells.
Your spell library contained the following spells:

 Spells                   Type           Power      Damage    Failure   Level
 Call Canine Familiar     Summ           0%         N/A       94%         3
 Lesser Beckoning         Tloc           0%         N/A       94%         3
 Portal Projectile        Hex/Tloc       0%         N/A       94%         3
 Leda's Liquefaction      Hex/Erth       0%         N/A       100%        4
 Manifold Assault         Tloc           0%         N/A       100%        5
 Blink                    Tloc           Unusable   N/A       N/A         2

Dungeon Overview and Level Annotations

Branches:
Dungeon (5/15)             Temple (0/1) D:4

Altars:
Qazlal


Innate Abilities, Weirdness & Mutations

You cannot be hasted, slowed, berserked, paralysed or teleported.
You can dig through walls and to a lower floor.
You have a pair of large antennae on your head. (SInv)
Your four strong arms can wield two-handed weapons with a shield.


Message History

You sense a monster nearby.
As you read the scroll labelled TADOMU DEISHRALLAH, it crumbles to dust.
It is a scroll of identify.
i - 2 potions of mutation
As you read the scroll of identify, it crumbles to dust.
b - 2 potions of cancellation You open the door.
A hornet zombie comes into view.
Found a falchion.
There is a stone staircase leading down here.
The hornet zombie hits you!
You completely miss the hornet zombie. The hornet zombie closely misses you.
You hit the hornet zombie.
The hornet zombie is lightly damaged.
The hornet zombie hits you! The hornet zombie hits you.
You hit the hornet zombie.
The hornet zombie is lightly damaged.
The hornet zombie hits you.
You hit the hornet zombie.
The hornet zombie is lightly damaged.
The hornet zombie hits you.
You hit the hornet zombie but do no damage.
The hornet zombie is lightly damaged.
The hornet zombie hits you!
You barely miss the hornet zombie.
The hornet zombie is lightly damaged.
The hornet zombie misses you. The hornet zombie hits you.
It was a potion of haste.
Your stasis prevents you from being hasted.
The hornet zombie hits you.
* * * LOW HITPOINT WARNING * * *
You hit the hornet zombie.
The hornet zombie is moderately damaged.
The hornet zombie hits you!
* * * LOW HITPOINT WARNING * * *
It was a potion of degeneration.
There was something very wrong with that liquid.
You feel weakened.
You feel dopey.
You feel clumsy. The hornet zombie hits you.
You die...

...........#
###
##########.#
#.. #.# #.# #
#.# #.# .. {
#.#####.## )..
#.#.. ... ....
#.#.# #.# .....
#.#.# #.#
......#.#.###@#
......'.....Z>#
......#.#.#####
##### #.#.#
#.#.# #.#.#
#.#.# { {#.#.#
#...#


You could see a hornet zombie.

Vanquished Creatures
  2 hounds (D:3)
  2 iguanas
  A hound skeleton (D:4)
  8 adders
  An adder skeleton (D:4)
  2 dart slugs
  6 orcs
  3 bats
  5 endoplasms
  3 giant cockroaches
  11 goblins
  5 hobgoblins
  3 quokkas
  8 ball pythons
  4 frilled lizards
  3 kobolds
  3 rats
70 creatures vanquished.

Notes
Turn   | Place    | Note
-------+----------+-------------------------------------------
     0 | Abyss:1  | Ayyar the Formicid Abyssal Knight began the quest for the
                  | Orb.
     0 | Abyss:1  | Reached XP level 1. HP: 18/18 MP: 2/2
   136 | Abyss:1  | Found a corrupted altar of Lugonu.
   146 | Abyss:1  | Noticed an iron imp
   217 | Abyss:2  | Found a corrupted altar of Lugonu.
   244 | Abyss:3  | Noticed a neqoxec
   244 | D:1      | Escaped the Abyss
   292 | D:1      | Reached skill level 1 in Dodging
   493 | D:1      | Reached XP level 2. HP: 24/24 MP: 3/3
   856 | D:1      | Reached * piety under Lugonu
  1037 | D:1      | Reached XP level 3. HP: 25/29 MP: 4/4
  1406 | D:2      | Found a faded altar of an unknown god.
  1633 | D:2      | HP: 1/30 [poisoned by an adder]
  1639 | D:2      | Reached XP level 4. HP: 13/37 MP: 6/6
  2766 | D:3      | Reached skill level 4 in Fighting
  2766 | D:3      | Reached XP level 5. HP: 42/42 MP: 7/7
  3847 | D:3      | Reached XP level 6. HP: 48/48 MP: 8/8
  4217 | D:3      | Reached ** piety under Lugonu
  4820 | D:4      | Found a stormy altar of Qazlal.
  4870 | D:4      | Found a staircase to the Ecumenical Temple.
  4948 | D:5      | Entered Level 5 of the Dungeon
  5050 | D:5      | Slain by a hornet zombie

Illustrated notes

Levels and vault maps discovered:
D:1:      dpeg_arrival_arbitrary_b, layout_loops_corners
D:2:      layout_basic, hellmonk_ecumenical_altar_lost_god, minivault_5,
          minivault_11, minmay_misc_feat_enclosed
D:3:      layout_basic
D:4:      layout_rooms, marbit_many_paths, temple_statues
D:5:      kennysheep_windowed_halls, layout_basic

Skill      XL: |  1  2  3  4  5 |
---------------+----------------+-----
Dodging        | 1 2 |  2.3
Invocations    | 3 |  3.7
Armour         | 3 |  3.5
Fighting       | 4 |  4.4
Polearms       | 3 |  3.6

Action                   |  1- 3 |  4- 6 || total
-------------------------+-------+-------++-------
Melee: Spear             |    89 |   201 ||   290
Throw: Dart              |       |    23 ||    23
Invok: Depart the Abyss  |     1 |       ||     1
 Abil: Dig               |       |     1 ||     1
  Use: Potion            |     2 |     2 ||     4
       Scroll            |       |     2 ||     2
Armor: Leather armour    |     2 |       ||     2
       Ring mail         |    26 |    53 ||    79
Dodge: Dodged            |    29 |   111 ||   140

Table legend: (Time is in decaauts)
 A = Elapsed time spent in this place.
 B = Non-inter-level travel time spent in this place.
 C = Inter-level travel time spent in this place.
 D = Time resting spent in this place.
 E = Time spent auto-exploring this place.
 F = Levels seen in this place.
 G = Mean time per level.
                   A        B        C        D        E       F      G
               +--------+--------+--------+--------+--------+-----+--------+
         Total |   5039 |   4686 |    353 |    313 |   3389 |   8 |  629.9 |
       Dungeon |   4794 |   4441 |    353 |    313 |   3320 |   5 |  958.8 |
         Abyss |    245 |    245 |      0 |      0 |     69 |   3 |   81.7 |
               +--------+--------+--------+--------+--------+-----+--------+

Top non-repeatable levels by time:
     D:3: 1588 daAuts
     D:2: 1373 daAuts
     D:1: 1041 daAuts
     D:4: 690 daAuts
 Abyss:1: 218 daAuts
     D:5: 101 daAuts
 Abyss:2: 14 daAuts
 Abyss:3: 11 daAuts
